Penguins vs Flyers

Created - February 1, 2020 at 19:31

Goals
1 2 3 OT1 SO T
Penguins 0 2 0 0 2 3
Flyers 0 2 0 0 0 2
Shots
1 2 3 OT1 SO T
Penguins 6 12 8 0 3 26
Flyers 13 14 10 1 2 38

1st period

No Goal

Penalties :
Ales Hemsky (Pit) for Cross-checking (Minor) at 9:03

2nd period

1. Penguins , Steven Stamkos 22 (Claude Giroux 32, Sean Zimmerman 18) at 3:49 (SH)
2. Flyers , Marcus Kruger 17 (Mats Zuccarello 24, J.T. Miller 18) at 4:49 (PP)
3. Penguins , Ryan O'Reilly 7 (Marcus Foligno 7, Sean Zimmerman 19) at 10:37 (PP)
4. Flyers , Jeff Carter 14 (Jeff Woywitka 11, Matthew Lombardi 8) at 19:44

Penalties :
Ales Hemsky (Pit) for Roughing (Minor) at 3:36, Sean Zimmerman (Pit) for Cross-checking (Minor) at 7:06, Brock Nelson (Phi) for Interference (Minor) at 9:31

3rd period

No Goal

Penalties :
Dustin Brown (Pit) for Tripping (Minor) at 1:14, Matthew Lombardi (Phi) for Holding (Minor) at 4:49, Cal Clutterbuck (Pit) for Hooking (Minor) at 7:33, J.T. Miller (Phi) for Holding (Minor) at 8:08

Overtime #1

No Goal

Penalties :
Claude Giroux (Pit) for Hooking (Minor) at 0:22

Shootout

Penguins, Andrew Cogliano - Goal!
Flyers, Jeff Carter - Stopped by Michal Neuvirth
Penguins, Claude Giroux - Stopped by Steve Mason
Flyers, Jordan Nolan - Stopped by Michal Neuvirth
Penguins, Steven Stamkos - Goal!

Penalties :
No Penalty

Goalie Stats

Michal Neuvirth (Pit), 36 saves from 38 shots - (0.947), W, 20-9-4, 65:00 minutes
Steve Mason (Phi), 24 saves from 26 shots - (0.923), OTL, 18-10-3, 65:00 minutes

Players Stats for Penguins

Player Name              G  A  P  +/- PIM S  H  SB GA TA FO     MP     PP MP  PK MP  
------------------------------------------------------------------------------------
Ales Hemsky              0  0  0   0  4   2  3  0  0  0  0/0     8:27   0:00   0:00 
Andrew Cogliano          0  0  0   0  0   1  0  1  0  0  1/3    19:14   2:18   0:56 
Cal Clutterbuck          0  0  0   0  2   1  0  0  0  0  0/0    14:15   0:01   1:55 
Clarke MacArthur         0  0  0   0  0   3  0  0  0  0  0/0    12:00   0:00   0:00 
Claude Giroux            0  1  1   1  2   4  1  2  0  0  0/1    24:20   2:17   4:54 
Danny DeKeiser           0  0  0  -1  0   0  2  2  0  0  0/0    23:24   0:48   4:56 
Dennis Wideman           0  0  0   0  0   0  1  1  0  2  0/0    15:57   0:48   0:35 
Dustin Brown             0  0  0  -1  2   3  1  0  1  0  0/0    13:45   1:22   0:00 
Eric Gryba               0  0  0   0  0   0  0  1  0  0  0/0    17:36   0:00   4:06 
Joe Colborne             0  0  0   0  0   1  1  0  0  0  3/6     8:26   0:00   0:00 
Keith Aulie              0  0  0   1  0   1  2  2  3  1  0/0    29:24   2:52   5:38 
Logan Couture            0  0  0   0  0   3  4  0  0  0  3/6    16:26   0:01   2:46 
Marcus Foligno           0  1  1  -1  0   0  1  0  0  0  0/0    12:56   1:22   0:00 
Michael Raffl            0  0  0   0  0   0  1  0  0  1  0/0     8:25   0:00   0:00 
Roman Josi               0  0  0  -1  0   0  3  0  0  1  0/0    15:25   0:00   0:00 
Ryan O'Reilly            1  0  1  -1  0   2  2  0  1  1  6/13   16:08   1:22   1:56 
Sean Zimmerman           0  2  2   1  2   1  0  1  1  1  0/0    28:18   2:52   4:13 
Steven Stamkos           1  0  1   1  0   4  2  1  1  0  17/30  24:20   2:17   5:02 

Players Stats for Flyers

Player Name              G  A  P  +/- PIM S  H  SB GA TA FO     MP     PP MP  PK MP  
------------------------------------------------------------------------------------
Brian Lashoff            0  0  0   1  0   3  0  0  0  1  0/0    14:21   0:00   2:03 
Brock Nelson             0  0  0   0  2   3  3  1  1  1  0/0    14:54   0:00   0:17 
Chris Mcallister         0  0  0   0  0   0  0  0  0  0  0/0    12:43   0:00   2:11 
Drew Miller              0  0  0   0  0   0  5  1  2  0  2/2    18:59   4:12   0:17 
J.T. Miller              0  1  1   0  2   4  0  0  0  0  0/0    19:24   3:32   0:55 
Jakub Voracek            0  0  0   0  0   2  3  2  1  0  1/1    16:41   4:12   0:00 
Jeff Carter              1  0  1   0  0   2  0  0  1  0  11/24  19:46   4:12   0:06 
Jeff Woywitka            0  1  1   1  0   2  1  0  0  0  0/0    21:27   5:40   2:03 
Jonathan Ericsson        0  0  0   0  0   0  2  2  0  2  0/0    27:41   5:40   0:20 
Jordan Nolan             0  0  0   0  0   6  2  0  0  0  10/16  16:53   0:00   1:27 
Marcus Kruger            1  0  1   0  0   5  1  0  0  0  3/10   17:56   3:33   0:43 
Mats Zuccarello          0  1  1   0  0   4  2  0  0  0  1/1    16:06   3:33   0:00 
Matt Smaby               0  0  0   0  0   2  2  1  2  1  0/0    23:35   0:00   1:37 
Matthew Lombardi         0  1  1   0  2   1  3  1  0  0  1/5    10:11   0:00   1:24 
Nathan Beaulieu          0  0  0  -1  0   0  1  0  0  1  0/0    19:32   2:05   0:00 
Oliver Ekman-Larsson     0  0  0  -1  0   0  2  3  0  1  0/0    23:24   2:05   1:17 
Ryan Callahan            0  0  0   0  0   0  0  0  0  0  0/0     7:59   0:00   0:00 
Tomas Kubalik            0  0  0   0  0   4  1  0  0  0  0/0    13:21   0:00   0:00 

3 Stars

1 - Michal Neuvirth (Pit)
2 - Steven Stamkos (Pit)
3 - Ryan O'Reilly (Pit)

Power Play

Penguins - 1 on 3 Attempt(s) - 33.33%
Flyers - 1 on 6 Attempt(s) - 16.67%

Penalty Kill

Penguins - 5 on 6 Attempt(s) - 83.33% - Score 1 goal in Penalty Kill
Flyers - 2 on 3 Attempt(s) - 66.67% - Score 0 goal in Penalty Kill

Team Stat

Penguins - Hits : 24 - Faceoff Wins : 30 - Blocked Shots : 11 - Penalty Minutes : 12
Flyers - Hits : 28 - Faceoff Wins : 29 - Blocked Shots : 11 - Penalty Minutes : 6

Official

Referees : Unknown
Linesman : Unknown

Game Notes

No Game Note

Finance

Level 1 -- Attendance: 6000 (100.00%) -- Ticket Income $630,000
Level 2 -- Attendance: 4287 (85.74%) -- Ticket Income $300,090
Level 3 -- Attendance: 1495 (74.75%) -- Ticket Income $67,275
Level 4 -- Attendance: 3422 (85.55%) -- Ticket Income $102,660
Luxury Box -- Attendance: 924 (92.40%) -- Ticket Income $166,320
Game was played at the Wells Fargo Center.
Total Attendance: 16128 (89.60%)
Total Ticket Income: $1,266,345
Other Income: $189,952
Total Income: $1,456,297

Penguins

5 vs 5 Forward 
   Center                   Left Wing                Right Wing               Time % Phy DF OF 
 1 Steven Stamkos           Andrew Cogliano          Claude Giroux            40     0   1  4  
 2 Ryan O'Reilly            Marcus Foligno           Dustin Brown             30     0   1  4  
 3 Logan Couture            Clarke MacArthur         Cal Clutterbuck          20     0   1  4  
 4 Joe Colborne             Michael Raffl            Ales Hemsky              10     0   1  4  

5 vs 5 Defense 
   Defense                  Defense                                           Time % Phy DF OF 
 1 Sean Zimmerman           Keith Aulie                                       44     1   2  2  
 2 Danny DeKeiser           Roman Josi                                        33     1   2  2  
 3 Eric Gryba               Dennis Wideman                                    23     1   2  2  
 4 Sean Zimmerman           Keith Aulie                                       0      1   2  2  

PowerPlay Forward 
   Center                   Left Wing                Right Wing               Time % Phy DF OF 
 1 Steven Stamkos           Andrew Cogliano          Claude Giroux            60     0   1  4  
 2 Ryan O'Reilly            Marcus Foligno           Dustin Brown             40     0   1  4  

PowerPlay Defense
   Defense                  Defense                                           Time % Phy DF OF 
 1 Sean Zimmerman           Keith Aulie                                       60     1   1  3  
 2 Danny DeKeiser           Dennis Wideman                                    40     1   1  3  

Penalty Kill 4 Players Forward 
   Center                   Wing                     Time % Phy DF OF 
 1 Steven Stamkos           Claude Giroux            60     1   4  0  
 2 Logan Couture            Cal Clutterbuck          40     1   4  0  

Penalty Kill 4 Players Defense
   Defense                  Defense                  Time % Phy DF OF 
 1 Sean Zimmerman           Keith Aulie              60     1   4  0  
 2 Danny DeKeiser           Eric Gryba               40     1   4  0  

Penalty Kill - 3 Players Forward 
   Forward                                           Time % Phy DF OF 
 1 Claude Giroux                                     60     1   4  0  
 2 Logan Couture                                     40     1   4  0  

Penalty Kill - 3 Players Defense
   Defense                  Defense                  Time % Phy DF OF 
 1 Sean Zimmerman           Keith Aulie              60     1   4  0  
 2 Danny DeKeiser           Eric Gryba               40     1   4  0  

4 vs 4 Forward 
   Center                   Wing                     Time % Phy DF OF 
 1 Steven Stamkos           Claude Giroux            60     1   1  3  
 2 Ryan O'Reilly            Dustin Brown             40     1   1  3  

4 vs 4 Defense
   Defense                  Defense                  Time % Phy DF OF 
 1 Sean Zimmerman           Keith Aulie              60     1   2  2  
 2 Danny DeKeiser           Dennis Wideman           40     1   2  2  

Last Minutes Offensive
   Center                   Left Wing                Right Wing               Defense                  Defense                  
   Steven Stamkos           Andrew Cogliano          Claude Giroux            Sean Zimmerman           Keith Aulie              

Last Minutes Defensive
   Center                   Left Wing                Right Wing               Defense                  Defense                  
   Steven Stamkos           Andrew Cogliano          Claude Giroux            Sean Zimmerman           Keith Aulie              

Goaltenders
Starting : Michal Neuvirth          
Backup : Sergei Bobrovsky         

Extra Forwards
Normal : Steven Stamkos, Ryan O'Reilly, Logan Couture - PP : Steven Stamkos, Ryan O'Reilly - PK : Claude Giroux
Extra Defensemen
Normal : Sean Zimmerman, Danny DeKeiser, Eric Gryba - PP : Danny DeKeiser - PK : Sean Zimmerman, Danny DeKeiser
Penalty Shots
Andrew Cogliano, Claude Giroux, Steven Stamkos, Ryan O'Reilly, Marcus Foligno

Scratches
None

Flyers

5 vs 5 Forward 
   Center                   Left Wing                Right Wing               Time % Phy DF OF 
 1 Jeff Carter              Drew Miller              Jakub Voracek            30     0   1  4  
 2 Marcus Kruger            J.T. Miller              Mats Zuccarello          30     0   1  4  
 3 Jordan Nolan             Brock Nelson             Tomas Kubalik            30     0   2  3  
 4 Matthew Lombardi         Chris Mcallister         Ryan Callahan            10     1   3  1  

5 vs 5 Defense 
   Defense                  Defense                                           Time % Phy DF OF 
 1 Matt Smaby               Jonathan Ericsson                                 40     1   2  2  
 2 Nathan Beaulieu          Oliver Ekman-Larsson                              30     1   2  2  
 3 Brian Lashoff            Jeff Woywitka                                     20     1   2  2  
 4 Oliver Ekman-Larsson     Jeff Woywitka                                     10     1   2  2  

PowerPlay Forward 
   Center                   Left Wing                Right Wing               Time % Phy DF OF 
 1 Jeff Carter              Drew Miller              Jakub Voracek            60     0   0  5  
 2 Marcus Kruger            J.T. Miller              Mats Zuccarello          40     0   0  5  

PowerPlay Defense
   Defense                  Defense                                           Time % Phy DF OF 
 1 Jonathan Ericsson        Jeff Woywitka                                     60     0   2  3  
 2 Oliver Ekman-Larsson     Nathan Beaulieu                                   40     0   2  3  

Penalty Kill 4 Players Forward 
   Center                   Wing                     Time % Phy DF OF 
 1 Matthew Lombardi         Chris Mcallister         60     0   4  1  
 2 Jordan Nolan             Drew Miller              40     0   4  1  

Penalty Kill 4 Players Defense
   Defense                  Defense                  Time % Phy DF OF 
 1 Brian Lashoff            Jeff Woywitka            60     1   4  0  
 2 Matt Smaby               Oliver Ekman-Larsson     40     1   4  0  

Penalty Kill - 3 Players Forward 
   Forward                                           Time % Phy DF OF 
 1 Matthew Lombardi                                  60     0   4  1  
 2 Jordan Nolan                                      40     0   4  1  

Penalty Kill - 3 Players Defense
   Defense                  Defense                  Time % Phy DF OF 
 1 Brian Lashoff            Jeff Woywitka            60     1   4  0  
 2 Matt Smaby               Oliver Ekman-Larsson     40     1   4  0  

4 vs 4 Forward 
   Center                   Wing                     Time % Phy DF OF 
 1 Jeff Carter              J.T. Miller              60     0   2  3  
 2 Marcus Kruger            Drew Miller              40     0   2  3  

4 vs 4 Defense
   Defense                  Defense                  Time % Phy DF OF 
 1 Jonathan Ericsson        Matt Smaby               60     0   3  2  
 2 Nathan Beaulieu          Oliver Ekman-Larsson     40     0   3  2  

Last Minutes Offensive
   Center                   Left Wing                Right Wing               Defense                  Defense                  
   Jeff Carter              Drew Miller              Jakub Voracek            Oliver Ekman-Larsson     Jeff Woywitka            

Last Minutes Defensive
   Center                   Left Wing                Right Wing               Defense                  Defense                  
   Matthew Lombardi         Chris Mcallister         Ryan Callahan            Oliver Ekman-Larsson     Jeff Woywitka            

Goaltenders
Starting : Steve Mason              
Backup : Cam Ward                 

Extra Forwards
Normal : Jeff Carter, Chris Mcallister, Drew Miller - PP : Jeff Carter, Drew Miller - PK : Chris Mcallister
Extra Defensemen
Normal : Brian Lashoff, Nathan Beaulieu, Matt Smaby - PP : Brian Lashoff - PK : Nathan Beaulieu, Matt Smaby
Penalty Shots
Jeff Carter, Jordan Nolan, J.T. Miller, Jakub Voracek, Ryan Callahan

Scratches
None


% Time on Ice - Penguins

Lines # - Real PCT - Wanted PCT - Time Play
Normal Forward
1 - 32% - 40% - 14:52
2 - 26% - 30% - 12:16
3 - 25% - 20% - 11:38
4 - 18% - 10% - 8:25
Normal Defense
1 - 40% - 44% - 18:54
2 - 34% - 33% - 16:04
3 - 26% - 23% - 12:13
4 - 0% - 0% - 0:00
PP Forward
1 - 63% - 60% - 2:18
2 - 37% - 40% - 1:22
PP Defense
1 - 78% - 60% - 2:52
2 - 22% - 40% - 0:48
PK Forward
1 - 75% - 60% - 5:47
2 - 25% - 40% - 1:58
PK Defense
1 - 57% - 60% - 4:27
2 - 43% - 40% - 3:18
PK3 Forward
1 - 100% - 60% - 1:59
2 - 0% - 40% - 0:00
PK3 Defense
1 - 60% - 60% - 1:11
2 - 40% - 40% - 0:48
44 Forward
1 - 95% - 60% - 4:13
2 - 5% - 40% - 0:12
44 Defense
1 - 53% - 60% - 2:20
2 - 47% - 40% - 2:05
Last Minute Offensive  - 0:00
Last Minute Defensive  - 0:00
Total
Forward - 65:00
Defense - 65:00

% Time on Ice - Flyers

Lines # - Real PCT - Wanted PCT - Time Play
Normal Forward
1 - 28% - 30% - 13:18
2 - 27% - 30% - 12:33
3 - 28% - 30% - 13:21
4 - 17% - 10% - 7:59
Normal Defense
1 - 41% - 40% - 19:23
2 - 32% - 30% - 15:00
3 - 21% - 20% - 9:50
4 - 6% - 10% - 2:58
PP Forward
1 - 54% - 60% - 4:12
2 - 46% - 40% - 3:33
PP Defense
1 - 73% - 60% - 5:40
2 - 27% - 40% - 2:05
PK Forward
1 - 96% - 60% - 3:32
2 - 4% - 40% - 0:08
PK Defense
1 - 65% - 60% - 2:23
2 - 35% - 40% - 1:17
PK3 Forward
1 - 0% - 60%
2 - 0% - 40%
PK3 Defense
1 - 0% - 60%
2 - 0% - 40%
44 Forward
1 - 83% - 60% - 5:17
2 - 17% - 40% - 1:07
44 Defense
1 - 62% - 60% - 3:57
2 - 38% - 40% - 2:27
Last Minute Offensive  - 0:00
Last Minute Defensive  - 0:00
Total
Forward - 65:00
Defense - 65:00

Play-by-Play

1st period


0:01 of 1st period - Jeff Carter wins face-off versus Andrew Cogliano in neutral zone.
0:13 of 1st period - Snap shot by Steven Stamkos.
0:13 of 1st period - Shot Misses the Net.
0:15 of 1st period - Slapshot by Sean Zimmerman.
0:15 of 1st period - Deflect By Jonathan Ericsson.
0:15 of 1st period - Stopped by Steve Mason without a rebound.
0:16 of 1st period - Ryan O'Reilly wins face-off versus Marcus Kruger in Flyers zone.
0:19 of 1st period - Wrist shot by Ryan O'Reilly.
0:19 of 1st period - Deflect By Oliver Ekman-Larsson.
0:19 of 1st period - Shot Misses the Net.
0:19 of 1st period - Puck is out of play.
0:20 of 1st period - Ryan O'Reilly wins face-off versus Marcus Kruger in Flyers zone.
0:21 of 1st period - Snap shot by Dustin Brown.
0:21 of 1st period - Stopped by Steve Mason with a rebound.
0:53 of 1st period - Wrist shot by Michael Raffl.
0:53 of 1st period - Shot Misses the Net.
1:47 of 1st period - Snap shot by Matthew Lombardi.
1:47 of 1st period - Shot Misses the Net.
1:49 of 1st period - Snap shot by Matthew Lombardi.
1:49 of 1st period - Stopped by Michal Neuvirth with a rebound.
1:51 of 1st period - Snap shot by Chris Mcallister.
1:51 of 1st period - Shot Misses the Net.
1:53 of 1st period - Slapshot by Jeff Woywitka.
1:53 of 1st period - Shot Misses the Net.
1:55 of 1st period - Slapshot by Brian Lashoff.
1:55 of 1st period - Shot Misses the Net.
1:57 of 1st period - Slapshot by Brian Lashoff.
1:57 of 1st period - Stopped by Michal Neuvirth without a rebound.
1:58 of 1st period - Logan Couture wins face-off versus Jeff Carter in Penguins zone.
2:07 of 1st period - Wrist shot by Logan Couture.
2:07 of 1st period - Shot Blocked by Jakub Voracek.
2:11 of 1st period - Snap shot by Clarke MacArthur.
2:11 of 1st period - Stopped by Steve Mason with a rebound.
2:13 of 1st period - Snap shot by Dennis Wideman.
2:13 of 1st period - Shot Blocked by Drew Miller.
2:23 of 1st period - Claude Giroux is hit by Brock Nelson and loses puck.
2:34 of 1st period - Snap shot by Jordan Nolan.
2:34 of 1st period - Shot Misses the Net.
2:45 of 1st period - Off-side.
2:46 of 1st period - Joe Colborne wins face-off versus Marcus Kruger in neutral zone.
3:56 of 1st period - Wrist shot by Claude Giroux.
3:56 of 1st period - Shot Misses the Net.
4:06 of 1st period - Snap shot by J.T. Miller.
4:06 of 1st period - Stopped by Michal Neuvirth with a rebound.
4:08 of 1st period - Slapshot by Brian Lashoff.
4:08 of 1st period - Stopped by Michal Neuvirth without a rebound.
4:09 of 1st period - Ryan O'Reilly wins face-off versus Jeff Carter in Penguins zone.
4:12 of 1st period - Wrist shot by Jeff Carter.
4:12 of 1st period - Stopped by Michal Neuvirth without a rebound.
4:13 of 1st period - Ryan O'Reilly wins face-off versus Jeff Carter in Penguins zone.
4:42 of 1st period - Slapshot by Jordan Nolan.
4:42 of 1st period - Stopped by Michal Neuvirth without a rebound.
4:43 of 1st period - Jordan Nolan wins face-off versus Logan Couture in Penguins zone.
4:43 of 1st period - Oliver Ekman-Larsson is hit by Dennis Wideman and loses puck.
4:46 of 1st period - Slapshot by Brock Nelson.
4:46 of 1st period - Deflect By Tomas Kubalik.
4:46 of 1st period - Stopped by Michal Neuvirth with a rebound.
4:48 of 1st period - Snap shot by Brock Nelson.
4:48 of 1st period - Stopped by Michal Neuvirth with a rebound.
4:50 of 1st period - Snap shot by Oliver Ekman-Larsson.
4:50 of 1st period - Deflect By Jordan Nolan.
4:50 of 1st period - Stopped by Michal Neuvirth with a rebound.
4:58 of 1st period - Wrist shot by Jordan Nolan.
4:58 of 1st period - Deflect By Tomas Kubalik.
4:58 of 1st period - Shot Misses the Net.
4:58 of 1st period - Puck is out of play.
4:59 of 1st period - Drew Miller wins face-off versus Ryan O'Reilly in Penguins zone.
5:04 of 1st period - Snap shot by Drew Miller.
5:04 of 1st period - Shot Blocked by Dennis Wideman.
5:06 of 1st period - Wrist shot by Jakub Voracek.
5:06 of 1st period - Shot Blocked by Eric Gryba.
5:08 of 1st period - Slapshot by Jakub Voracek.
5:08 of 1st period - Shot Misses the Net.
5:10 of 1st period - Slapshot by Jeff Woywitka.
5:10 of 1st period - Stopped by Michal Neuvirth with a rebound.
5:58 of 1st period - Snap shot by Jordan Nolan.
5:58 of 1st period - Shot Misses the Net.
6:00 of 1st period - Snap shot by Tomas Kubalik.
6:00 of 1st period - Shot Misses the Net.
6:02 of 1st period - Wrist shot by Tomas Kubalik.
6:02 of 1st period - Shot Hit the Post.
7:04 of 1st period - Jonathan Ericsson is hit by Danny DeKeiser and loses puck.
7:23 of 1st period - Dennis Wideman is hit by Mats Zuccarello and loses puck.
7:28 of 1st period - Wrist shot by J.T. Miller.
7:28 of 1st period - Stopped by Michal Neuvirth with a rebound.
7:30 of 1st period - Slapshot by J.T. Miller.
7:30 of 1st period - Stopped by Michal Neuvirth without a rebound.
7:31 of 1st period - Steven Stamkos wins face-off versus Jeff Carter in Penguins zone.
7:31 of 1st period - Steven Stamkos is hit by Drew Miller.
7:36 of 1st period - Off-side.
7:37 of 1st period - Steven Stamkos wins face-off versus Jeff Carter in neutral zone.
7:42 of 1st period - Slapshot by Steven Stamkos.
7:42 of 1st period - Stopped by Steve Mason without a rebound.
7:43 of 1st period - Jordan Nolan wins face-off versus Ryan O'Reilly in Flyers zone.
7:43 of 1st period - Jordan Nolan is hit by Roman Josi.
7:56 of 1st period - Wrist shot by Jordan Nolan.
7:56 of 1st period - Stopped by Michal Neuvirth with a rebound.
7:58 of 1st period - Slapshot by Matt Smaby.
7:58 of 1st period - Shot Blocked by Danny DeKeiser.
8:08 of 1st period - Matt Smaby is hit by Roman Josi.
8:56 of 1st period - Wrist shot by Brock Nelson.
8:56 of 1st period - Deflect By Roman Josi.
8:56 of 1st period - Shot Blocked by Danny DeKeiser.
8:56 of 1st period - Puck is out of play.
8:57 of 1st period - Jeff Carter wins face-off versus Joe Colborne in Penguins zone.
9:03 of 1st period - Minor Penalty to Ales Hemsky for Cross-checking.
9:04 of 1st period - Jeff Carter wins face-off versus Steven Stamkos in Penguins zone.
11:03 of 1st period - Penalty to Ales Hemsky is over, Ales Hemsky is back on ice.
11:16 of 1st period - Marcus Foligno is hit by Jordan Nolan and loses puck.
11:23 of 1st period - Jordan Nolan is hit by Ryan O'Reilly and loses puck.
12:25 of 1st period - Danny DeKeiser is hit by Matthew Lombardi and loses puck.
12:38 of 1st period - Dennis Wideman is hit by Jonathan Ericsson and loses puck.
13:08 of 1st period - Roman Josi is hit by Jakub Voracek and loses puck.
13:48 of 1st period - Snap shot by Clarke MacArthur.
13:48 of 1st period - Shot Misses the Net.
14:23 of 1st period - Jeff Woywitka is hit by Keith Aulie and loses puck.
14:32 of 1st period - Snap shot by Dustin Brown.
14:32 of 1st period - Stopped by Steve Mason with a rebound.
14:34 of 1st period - Slapshot by Keith Aulie.
14:34 of 1st period - Deflect By Dustin Brown.
14:34 of 1st period - Stopped by Steve Mason with a rebound.
14:57 of 1st period - Snap shot by Jordan Nolan.
14:57 of 1st period - Shot Misses the Net.
15:21 of 1st period - Wrist shot by Dustin Brown.
15:21 of 1st period - Shot Blocked by Oliver Ekman-Larsson.
15:31 of 1st period - Dustin Brown is hit by Oliver Ekman-Larsson and loses puck.
15:47 of 1st period - Oliver Ekman-Larsson is hit by Danny DeKeiser and loses puck.
16:03 of 1st period - Slapshot by Chris Mcallister.
16:03 of 1st period - Shot Blocked by Claude Giroux.
17:05 of 1st period - Ryan O'Reilly is hit by Oliver Ekman-Larsson.
17:58 of 1st period - Jeff Carter is hit by Michael Raffl and loses puck.
18:15 of 1st period - Jonathan Ericsson is hit by Logan Couture.
18:44 of 1st period - Drew Miller is hit by Roman Josi and loses puck.
18:57 of 1st period - Dennis Wideman is hit by Matthew Lombardi and loses puck.
19:47 of 1st period - J.T. Miller is hit by Keith Aulie and loses puck.
Goals for this period are 0 for Penguins vs 0 for Flyers.
Shots for this period are 6 for Penguins vs 13 for Flyers.

2nd period


0:01 of 2nd period - Steven Stamkos wins face-off versus Jeff Carter in neutral zone.
0:12 of 2nd period - Snap shot by Jeff Carter.
0:12 of 2nd period - Shot Misses the Net.
0:14 of 2nd period - Snap shot by Jonathan Ericsson.
0:14 of 2nd period - Shot Blocked by Andrew Cogliano.
0:16 of 2nd period - Snap shot by Jakub Voracek.
0:16 of 2nd period - Stopped by Michal Neuvirth without a rebound.
0:17 of 2nd period - Ryan O'Reilly wins face-off versus Jordan Nolan in Penguins zone.
0:30 of 2nd period - Marcus Foligno is hit by Jordan Nolan and loses puck.
0:43 of 2nd period - Sean Zimmerman is hit by Jakub Voracek and loses puck.
1:26 of 2nd period - Cal Clutterbuck is hit by Tomas Kubalik.
2:13 of 2nd period - Snap shot by Ales Hemsky.
2:13 of 2nd period - Stopped by Steve Mason without a rebound.
2:14 of 2nd period - Jeff Carter wins face-off versus Joe Colborne in Flyers zone.
2:14 of 2nd period - Jeff Carter is hit by Joe Colborne.
2:22 of 2nd period - Ales Hemsky is hit by Drew Miller and loses puck.
2:28 of 2nd period - Icing by Michael Raffl.
2:29 of 2nd period - Joe Colborne wins face-off versus Marcus Kruger in Penguins zone.
2:29 of 2nd period - Joe Colborne is hit by Mats Zuccarello.
3:07 of 2nd period - Snap shot by Ales Hemsky.
3:07 of 2nd period - Stopped by Steve Mason with a rebound.
3:36 of 2nd period - Minor Penalty to Ales Hemsky for Roughing.
3:37 of 2nd period - Steven Stamkos wins face-off versus Jeff Carter in Penguins zone.
3:49 of 2nd period - Wrist shot by Steven Stamkos.
3:49 of 2nd period - Goal by Steven Stamkos - Penguins : 1 - Flyers : 0.
3:50 of 2nd period - Jeff Carter wins face-off versus Steven Stamkos in neutral zone.
4:08 of 2nd period - Sean Zimmerman is hit by Jakub Voracek and loses puck.
4:30 of 2nd period - Icing by Jonathan Ericsson.
4:31 of 2nd period - Marcus Kruger wins face-off versus Steven Stamkos in Flyers zone.
4:47 of 2nd period - Wrist shot by Mats Zuccarello.
4:47 of 2nd period - Stopped by Michal Neuvirth with a rebound.
4:49 of 2nd period - Snap shot by Marcus Kruger.
4:49 of 2nd period - Goal by Marcus Kruger - Penguins : 1 - Flyers : 1.
4:50 of 2nd period - Jordan Nolan wins face-off versus Ryan O'Reilly in neutral zone.
4:57 of 2nd period - Slapshot by Tomas Kubalik.
4:57 of 2nd period - Stopped by Michal Neuvirth with a rebound.
5:58 of 2nd period - Marcus Kruger is hit by Logan Couture and loses puck.
6:31 of 2nd period - Snap shot by Clarke MacArthur.
6:31 of 2nd period - Stopped by Steve Mason with a rebound.
6:33 of 2nd period - Snap shot by Logan Couture.
6:33 of 2nd period - Stopped by Steve Mason with a rebound.
6:35 of 2nd period - Slapshot by Eric Gryba.
6:35 of 2nd period - Shot Blocked by Oliver Ekman-Larsson.
6:37 of 2nd period - Wrist shot by Cal Clutterbuck.
6:37 of 2nd period - Deflect By Logan Couture.
6:37 of 2nd period - Stopped by Steve Mason with a rebound.
6:49 of 2nd period - Snap shot by Marcus Kruger.
6:49 of 2nd period - Stopped by Michal Neuvirth without a rebound.
6:50 of 2nd period - Steven Stamkos wins face-off versus Jordan Nolan in Penguins zone.
7:06 of 2nd period - Minor Penalty to Sean Zimmerman for Cross-checking.
7:07 of 2nd period - Jeff Carter wins face-off versus Steven Stamkos in Penguins zone.
7:23 of 2nd period - Claude Giroux is hit by Drew Miller and loses puck.
7:35 of 2nd period - Icing by Jeff Carter.
7:36 of 2nd period - Jakub Voracek wins face-off versus Claude Giroux in Flyers zone.
9:06 of 2nd period - Penalty to Sean Zimmerman is over, Sean Zimmerman is back on ice.
9:20 of 2nd period - Snap shot by Joe Colborne.
9:20 of 2nd period - Stopped by Steve Mason without a rebound.
9:21 of 2nd period - Joe Colborne wins face-off versus Jordan Nolan in Flyers zone.
9:31 of 2nd period - Minor Penalty to Brock Nelson for Interference.
9:32 of 2nd period - Andrew Cogliano wins face-off versus Matthew Lombardi in Flyers zone.
9:32 of 2nd period - Wrist shot by Claude Giroux.
9:32 of 2nd period - Stopped by Steve Mason without a rebound.
9:33 of 2nd period - Steven Stamkos wins face-off versus Matthew Lombardi in Flyers zone.
9:40 of 2nd period - Slapshot by Steven Stamkos.
9:40 of 2nd period - Stopped by Steve Mason without a rebound.
9:41 of 2nd period - Steven Stamkos wins face-off versus Matthew Lombardi in Flyers zone.
10:37 of 2nd period - Snap shot by Ryan O'Reilly.
10:37 of 2nd period - Goal by Ryan O'Reilly - Penguins : 2 - Flyers : 1.
10:38 of 2nd period - Jeff Carter wins face-off versus Ryan O'Reilly in neutral zone.
11:04 of 2nd period - Brock Nelson is hit by Logan Couture.
11:08 of 2nd period - Wrist shot by Brock Nelson.
11:08 of 2nd period - Stopped by Michal Neuvirth with a rebound.
11:14 of 2nd period - Wrist shot by Jordan Nolan.
11:14 of 2nd period - Stopped by Michal Neuvirth with a rebound.
11:36 of 2nd period - Off-side.
11:37 of 2nd period - Steven Stamkos wins face-off versus Matthew Lombardi in neutral zone.
12:44 of 2nd period - Snap shot by Brock Nelson.
12:44 of 2nd period - Stopped by Michal Neuvirth with a rebound.
12:56 of 2nd period - Snap shot by J.T. Miller.
12:56 of 2nd period - Stopped by Michal Neuvirth with a rebound.
14:12 of 2nd period - Slapshot by Jeff Woywitka.
14:12 of 2nd period - Deflect By Mats Zuccarello.
14:12 of 2nd period - Stopped by Michal Neuvirth without a rebound.
14:13 of 2nd period - Steven Stamkos wins face-off versus Marcus Kruger in Penguins zone.
14:13 of 2nd period - Steven Stamkos is hit by Nathan Beaulieu.
14:24 of 2nd period - Snap shot by Claude Giroux.
14:24 of 2nd period - Stopped by Steve Mason without a rebound.
14:25 of 2nd period - Drew Miller wins face-off versus Steven Stamkos in Flyers zone.
16:27 of 2nd period - Icing by Tomas Kubalik.
16:28 of 2nd period - Jordan Nolan wins face-off versus Steven Stamkos in Flyers zone.
16:33 of 2nd period - Wrist shot by Brock Nelson.
16:33 of 2nd period - Deflect By Keith Aulie.
16:33 of 2nd period - Shot Blocked by Keith Aulie.
16:33 of 2nd period - Puck is out of play.
16:34 of 2nd period - Jeff Carter wins face-off versus Steven Stamkos in Penguins zone.
17:43 of 2nd period - Sean Zimmerman is hit by Matthew Lombardi and loses puck.
18:10 of 2nd period - Slapshot by Claude Giroux.
18:10 of 2nd period - Stopped by Steve Mason with a rebound.
18:30 of 2nd period - Joe Colborne is hit by Marcus Kruger and loses puck.
19:05 of 2nd period - Backhand shot by Jordan Nolan.
19:05 of 2nd period - Shot Misses the Net.
19:07 of 2nd period - Slapshot by Matt Smaby.
19:07 of 2nd period - Stopped by Michal Neuvirth without a rebound.
19:08 of 2nd period - Matthew Lombardi wins face-off versus Steven Stamkos in Penguins zone.
19:09 of 2nd period - Slapshot by Ryan Callahan.
19:09 of 2nd period - Shot Blocked by Steven Stamkos.
19:11 of 2nd period - Slapshot by Jeff Woywitka.
19:11 of 2nd period - Stopped by Michal Neuvirth with a rebound.
19:42 of 2nd period - Slapshot by Jeff Woywitka.
19:42 of 2nd period - Shot Misses the Net.
19:44 of 2nd period - Snap shot by Jeff Carter.
19:44 of 2nd period - Goal by Jeff Carter - Penguins : 2 - Flyers : 2.
19:45 of 2nd period - Mats Zuccarello wins face-off versus Steven Stamkos in neutral zone.
19:45 of 2nd period - J.T. Miller is hit by Steven Stamkos and loses puck.
19:50 of 2nd period - Snap shot by Mats Zuccarello.
19:50 of 2nd period - Stopped by Michal Neuvirth without a rebound.
19:51 of 2nd period - Steven Stamkos wins face-off versus Marcus Kruger in Penguins zone.
Goals for this period are 2 for Penguins vs 2 for Flyers.
Shots for this period are 12 for Penguins vs 14 for Flyers.

3rd period


0:01 of 3rd period - Steven Stamkos wins face-off versus Jeff Carter in neutral zone.
0:05 of 3rd period - Claude Giroux is hit by Matt Smaby and loses puck.
0:34 of 3rd period - Wrist shot by Mats Zuccarello.
0:34 of 3rd period - Shot Misses the Net.
0:36 of 3rd period - Snap shot by Mats Zuccarello.
0:36 of 3rd period - Shot Blocked by Keith Aulie.
0:38 of 3rd period - Wrist shot by Marcus Kruger.
0:38 of 3rd period - Stopped by Michal Neuvirth without a rebound.
0:39 of 3rd period - Steven Stamkos wins face-off versus Jordan Nolan in Penguins zone.
0:41 of 3rd period - Icing by Claude Giroux.
0:42 of 3rd period - Jordan Nolan wins face-off versus Steven Stamkos in Penguins zone.
1:14 of 3rd period - Minor Penalty to Dustin Brown for Tripping.
1:15 of 3rd period - Steven Stamkos wins face-off versus Jeff Carter in Penguins zone.
1:15 of 3rd period - Steven Stamkos is hit by Jonathan Ericsson.
1:24 of 3rd period - Jonathan Ericsson is hit by Claude Giroux and loses puck.
2:40 of 3rd period - Icing by J.T. Miller.
2:41 of 3rd period - Steven Stamkos wins face-off versus Marcus Kruger in Flyers zone.
2:50 of 3rd period - Keith Aulie is hit by Drew Miller and loses puck.
3:14 of 3rd period - Penalty to Dustin Brown is over, Dustin Brown is back on ice.
3:29 of 3rd period - Wrist shot by Jordan Nolan.
3:29 of 3rd period - Shot Misses the Net.
3:31 of 3rd period - Wrist shot by Jordan Nolan.
3:31 of 3rd period - Stopped by Michal Neuvirth with a rebound.
3:39 of 3rd period - Snap shot by Logan Couture.
3:39 of 3rd period - Shot Misses the Net.
3:41 of 3rd period - Slapshot by Eric Gryba.
3:41 of 3rd period - Shot Blocked by Matthew Lombardi.
3:51 of 3rd period - Snap shot by Logan Couture.
3:51 of 3rd period - Stopped by Steve Mason without a rebound.
3:52 of 3rd period - Jeff Carter wins face-off versus Joe Colborne in Flyers zone.
3:52 of 3rd period - Jeff Carter is hit by Ales Hemsky.
4:02 of 3rd period - Sean Zimmerman is hit by Drew Miller and loses puck.
4:19 of 3rd period - Mats Zuccarello is hit by Steven Stamkos.
4:49 of 3rd period - Minor Penalty to Matthew Lombardi for Holding.
4:50 of 3rd period - Jordan Nolan wins face-off versus Steven Stamkos in Flyers zone.
5:27 of 3rd period - Slapshot by Keith Aulie.
5:27 of 3rd period - Stopped by Steve Mason without a rebound.
5:28 of 3rd period - Jordan Nolan wins face-off versus Ryan O'Reilly in Flyers zone.
5:28 of 3rd period - Jordan Nolan is hit by Dustin Brown.
6:49 of 3rd period - Penalty to Matthew Lombardi is over, Matthew Lombardi is back on ice.
7:25 of 3rd period - Chris Mcallister is hit by Logan Couture and loses puck.
7:33 of 3rd period - Minor Penalty to Cal Clutterbuck for Hooking.
7:34 of 3rd period - Steven Stamkos wins face-off versus Jeff Carter in Penguins zone.
7:45 of 3rd period - Eric Gryba is hit by Jeff Woywitka.
8:08 of 3rd period - Minor Penalty to J.T. Miller for Holding.
8:09 of 3rd period - Steven Stamkos wins face-off versus Jeff Carter in Flyers zone.
9:33 of 3rd period - Penalty to Cal Clutterbuck is over, Cal Clutterbuck is back on ice.
10:08 of 3rd period - Penalty to J.T. Miller is over, J.T. Miller is back on ice.
10:23 of 3rd period - Marcus Kruger is hit by Ales Hemsky and loses puck.
10:40 of 3rd period - Snap shot by Jakub Voracek.
10:40 of 3rd period - Stopped by Michal Neuvirth with a rebound.
11:03 of 3rd period - Snap shot by Ryan O'Reilly.
11:03 of 3rd period - Stopped by Steve Mason without a rebound.
11:04 of 3rd period - Marcus Kruger wins face-off versus Ryan O'Reilly in Flyers zone.
11:04 of 3rd period - Marcus Kruger is hit by Ryan O'Reilly.
11:39 of 3rd period - Snap shot by Logan Couture.
11:39 of 3rd period - Shot Blocked by Matt Smaby.
11:49 of 3rd period - Danny DeKeiser is hit by Brock Nelson and loses puck.
12:10 of 3rd period - Jeff Woywitka is hit by Ales Hemsky and loses puck.
13:05 of 3rd period - Slapshot by Drew Miller.
13:05 of 3rd period - Shot Misses the Net.
13:17 of 3rd period - Slapshot by Steven Stamkos.
13:17 of 3rd period - Stopped by Steve Mason without a rebound.
13:18 of 3rd period - Jordan Nolan wins face-off versus Andrew Cogliano in Flyers zone.
13:41 of 3rd period - Wrist shot by Tomas Kubalik.
13:41 of 3rd period - Stopped by Michal Neuvirth with a rebound.
13:43 of 3rd period - Slapshot by Brian Lashoff.
13:43 of 3rd period - Stopped by Michal Neuvirth with a rebound.
13:55 of 3rd period - Snap shot by Brock Nelson.
13:55 of 3rd period - Shot Blocked by Sean Zimmerman.
14:26 of 3rd period - Wrist shot by Tomas Kubalik.
14:26 of 3rd period - Stopped by Michal Neuvirth with a rebound.
14:34 of 3rd period - Snap shot by Claude Giroux.
14:34 of 3rd period - Stopped by Steve Mason with a rebound.
14:36 of 3rd period - Backhand shot by Andrew Cogliano.
14:36 of 3rd period - Stopped by Steve Mason without a rebound.
14:37 of 3rd period - Marcus Kruger wins face-off versus Ryan O'Reilly in Flyers zone.
14:50 of 3rd period - Wrist shot by J.T. Miller.
14:50 of 3rd period - Deflect By Mats Zuccarello.
14:50 of 3rd period - Stopped by Michal Neuvirth with a rebound.
14:52 of 3rd period - Wrist shot by Marcus Kruger.
14:52 of 3rd period - Stopped by Michal Neuvirth without a rebound.
14:53 of 3rd period - Logan Couture wins face-off versus Jeff Carter in Penguins zone.
16:38 of 3rd period - Marcus Kruger is hit by Marcus Foligno.
17:12 of 3rd period - Slapshot by Ales Hemsky.
17:12 of 3rd period - Shot Blocked by Jonathan Ericsson.
17:38 of 3rd period - Slapshot by Cal Clutterbuck.
17:38 of 3rd period - Deflect By Oliver Ekman-Larsson.
17:38 of 3rd period - Shot Blocked by Jakub Voracek.
17:38 of 3rd period - Puck is out of play.
17:39 of 3rd period - Steven Stamkos wins face-off versus Jordan Nolan in Flyers zone.
17:52 of 3rd period - Wrist shot by Claude Giroux.
17:52 of 3rd period - Shot Blocked by Oliver Ekman-Larsson.
18:30 of 3rd period - Wrist shot by Marcus Kruger.
18:30 of 3rd period - Shot Misses the Net.
18:32 of 3rd period - Snap shot by Marcus Kruger.
18:32 of 3rd period - Shot Hit the Post.
19:05 of 3rd period - Slapshot by Jeff Woywitka.
19:05 of 3rd period - Deflect By Tomas Kubalik.
19:05 of 3rd period - Shot Blocked by Claude Giroux.
19:05 of 3rd period - Puck is out of play.
19:06 of 3rd period - Jordan Nolan wins face-off versus Steven Stamkos in Penguins zone.
19:13 of 3rd period - Snap shot by Brock Nelson.
19:13 of 3rd period - Shot Misses the Net.
19:15 of 3rd period - Slapshot by Matt Smaby.
19:15 of 3rd period - Stopped by Michal Neuvirth with a rebound.
19:17 of 3rd period - Snap shot by Tomas Kubalik.
19:17 of 3rd period - Shot Misses the Net.
19:19 of 3rd period - Wrist shot by Jordan Nolan.
19:19 of 3rd period - Stopped by Michal Neuvirth without a rebound.
19:20 of 3rd period - Logan Couture wins face-off versus Jordan Nolan in Penguins zone.
19:25 of 3rd period - Wrist shot by Cal Clutterbuck.
19:25 of 3rd period - Stopped by Steve Mason with a rebound.
19:27 of 3rd period - Slapshot by Clarke MacArthur.
19:27 of 3rd period - Stopped by Steve Mason with a rebound.
19:29 of 3rd period - Slapshot by Keith Aulie.
19:29 of 3rd period - Shot Misses the Net.
19:31 of 3rd period - Slapshot by Keith Aulie.
19:31 of 3rd period - Deflect By Clarke MacArthur.
19:31 of 3rd period - Shot Blocked by Brock Nelson.
19:31 of 3rd period - Puck is out of play.
19:32 of 3rd period - Jordan Nolan wins face-off versus Logan Couture in Flyers zone.
Goals for this period are 0 for Penguins vs 0 for Flyers.
Shots for this period are 8 for Penguins vs 10 for Flyers.

Overtime #1


0:01 of 1st overtime period - Jeff Carter wins face-off versus Steven Stamkos in neutral zone.
0:22 of 1st overtime period - Minor Penalty to Claude Giroux for Hooking.
0:23 of 1st overtime period - Ryan O'Reilly wins face-off versus Jeff Carter in Penguins zone.
0:32 of 1st overtime period - Keith Aulie is hit by Matt Smaby and loses puck.
1:15 of 1st overtime period - Slapshot by Marcus Kruger.
1:15 of 1st overtime period - Stopped by Michal Neuvirth without a rebound.
1:16 of 1st overtime period - Jeff Carter wins face-off versus Logan Couture in Penguins zone.
2:07 of 1st overtime period - Snap shot by Logan Couture.
2:07 of 1st overtime period - Shot Hit the Post.
2:09 of 1st overtime period - Snap shot by Danny DeKeiser.
2:09 of 1st overtime period - Shot Blocked by Jonathan Ericsson.
2:22 of 1st overtime period - Penalty to Claude Giroux is over, Claude Giroux is back on ice.
3:32 of 1st overtime period - Claude Giroux is hit by Brock Nelson and loses puck.
Goals for this period are 0 for Penguins vs 0 for Flyers.
Shots for this period are 0 for Penguins vs 1 for Flyers.

ShootOut


5:00 of 1st overtime period - Round #1.
5:00 of 1st overtime period - Penguins, Andrew Cogliano.
5:00 of 1st overtime period - Wrist shot by Andrew Cogliano.
5:00 of 1st overtime period - Goal by Andrew Cogliano.
5:00 of 1st overtime period - Flyers, Jeff Carter.
5:00 of 1st overtime period - Snap shot by Jeff Carter.
5:00 of 1st overtime period - Stopped by Michal Neuvirth.
5:00 of 1st overtime period - Round #2.
5:00 of 1st overtime period - Penguins, Claude Giroux.
5:00 of 1st overtime period - Deke by Claude Giroux.
5:00 of 1st overtime period - Stopped by Steve Mason.
5:00 of 1st overtime period - Flyers, Jordan Nolan.
5:00 of 1st overtime period - Wrist shot by Jordan Nolan.
5:00 of 1st overtime period - Stopped by Michal Neuvirth.
5:00 of 1st overtime period - Round #3.
5:00 of 1st overtime period - Penguins, Steven Stamkos.
5:00 of 1st overtime period - Snap shot by Steven Stamkos.
5:00 of 1st overtime period - Goal by Steven Stamkos.